 Dungeon Crawl Stone Soup version 0.20.0-1-g1cb1d84 (webtiles) character file.

41 straycat the Magician (level 3, 0/25 HPs)
             Began as a Vampire Wanderer on May 26, 2017.
             Succumbed to an adder's poison
             ... on level 1 of the Dungeon.
             The game lasted 00:11:08 (2264 turns).

straycat the Magician (Vampire Wanderer)            Turns: 2264, Time: 00:11:09

Health: 0/25       AC:  0    Str: 13    XL:     3   Next: 32%
Magic:  7/7        EV: 19    Int: 15    God:
Gold:   50         SH:  0    Dex: 16    Spells: 8/8 levels left

rFire    . . .     SeeInvis +     - Unarmed
rCold    . . .     Gourm    .   (shield currently unavailable)
rNeg     + . .     Faith    .   (armour currently unavailable)
rPois    .         Spirit   .   (helmet currently unavailable)
rElec    .         Reflect  .   (cloak currently unavailable)
rCorr    .         Harm     .   (gloves currently unavailable)
MR       .....                  (boots currently unavailable)
Stlth    ++++......             (no amulet)
Regen    0.1/turn               (ring currently unavailable)
MPRegen  0.1/turn               (ring currently unavailable)

@: lethally poisoned (0 -> -3), bat-form, flying, very quick
A: fangs 3, see invisible
a: End Transformation


You were on level 1 of the Dungeon.
You were not thirsty.
You were in vampire-bat-form.
You visited 1 branch of the dungeon, and saw 2 of its levels.

You collected 50 gold pieces.

Inventory:

Hand Weapons
 b - a +0 shortbow
 l - a +2 vampiric hand axe
Missiles
 c - 37 arrows
 h - 48 stones (quivered)
 m - 11 poisoned needles
Armour
 e - a +0 robe (melded)
 j - a +0 pair of boots (melded)
Jewellery
 i - a cursed ring of teleportation {unknown}
Wands
 a - a wand of flame (15/48)
Scrolls
 d - a scroll of teleportation
Potions
 f - 8 potions of blood
 g - a potion of flight {unknown}
 k - a potion of brilliance {unknown}
 n - a potion of mutation {unknown}
 q - a potion of magic {unknown}
Comestibles
 o - 4 fruits


   Skills:
 * Level 0.6 Fighting
 - Level 1.1 Bows
 + Level 0.0 Throwing
 + Level 1.7 Armour
 * Level 1.4 Dodging
 + Level 1.7 Stealth
 * Level 1.5 Unarmed Combat
 - Level 3.1 Spellcasting
   Level 2.0 Earth Magic
 - Level 1.0 Evocations


You had 8 spell levels left.
You didn't know any spells.

Dungeon Overview and Level Annotations

Branches:
Dungeon (2/15)

Altars:


Innate Abilities, Weirdness & Mutations

You have razor-sharp teeth.
You have supernaturally acute eyesight. (SInv)
((You can survive without breathing.))


Message History

The adder bites you.
* * * LOW HITPOINT WARNING * * *
You closely miss the adder. You bite the adder.
The adder is moderately wounded.
The adder bites you.
* * * LOW HITPOINT WARNING * * *
You are lethally poisoned!
The adder poisons you! The goblin completely misses you.
* * * LOW HITPOINT WARNING * * *
You feel sick.
* * * LOW HITPOINT WARNING * * *
You feel sick.
There is an open door here.
* * * LOW HITPOINT WARNING * * *
You feel sick.
Things that are here:
a hand axe; a goblin skeleton
* * * LOW HITPOINT WARNING * * *
You feel sick.
You die...

#.###########.#
#.............#
#.###########.# #.# #.#
#.# #.# # #.# #.# #
#.###########.# #
#.##..........# #
#.##..b.......#########
#.##..........>........
#..'..S........########
####...........###.....
#......g.......'.....
#..........#.###.....
#.......)..'.........
#..........#.........
###........#.........


You could see an adder and a goblin.

Vanquished Creatures
  An ooze (D:1)
  A dart slug (D:1)
  2 leopard geckos (D:1)
  4 bats (D:1)
  7 giant cockroaches (D:1)
  2 hobgoblins (D:1)
  A kobold (D:1)
  A ball python (D:1)
  A frilled lizard (D:1)
  5 goblins (D:1)
  6 rats (D:1)
31 creatures vanquished.

Notes
Turn   | Place    | Note
-------+----------+-------------------------------------------
     0 | D:1      | straycat the Vampire Wanderer began the quest for the Orb.
     0 | D:1      | straycat set off with: a wand of flame (15/48), a +0 shortbow, 21 arrows, a scroll of teleportation, a +0 robe, a potion of blood
     0 | D:1      | Reached XP level 1. HP: 13/13 MP: 4/4
   169 | D:1      | Reached XP level 2. HP: 8/19 MP: 6/6
   755 | D:1      | Reached skill level 1 in Unarmed Combat
  1744 | D:1      | Reached skill level 1 in Dodging
  1758 | D:1      | Reached XP level 3. HP: 19/25 MP: 7/7
  2252 | D:1      | HP: 1/25 [poisoned by an adder]
  2257 | D:1      | HP: 1/25 [poisoned by an adder]
  2264 | D:1      | Succumbed to an adder's poison

Skill      XL: |  1  2 |
---------------+-------+-----
Unarmed Combat | 1 |  1.5
Dodging        | 1 |  1.4
Fighting       | |  0.6
Bows           | |  1.1
Armour         | |  1.7
Stealth        | |  1.7
Spellcasting   | |  3.1
Earth Magic    | |  2.0
Evocations     | |  1.0

Action                   || total
-------------------------++-------
Melee: Unarmed           ||   194
       Bite              ||    16
 Fire: Shortbow          ||     1
Throw: Stone             ||    37
 Abil: Bat Form          ||     1
  Use: Potion            ||     4
       Scroll            ||     1
 Stab: Sleeping          ||     2
Armor: Robe              ||    59
Dodge: Dodged            ||   167
